Map: King Sejong Station LE

Players

ShoWTimE - Winner!

  • Race: Protoss Protoss

Snute

  • Race: Zerg Zerg

Event: WCS Copa Intercontinental

VOD

https://www.youtube.com/watch?v=8iwf2kg4NE4

Description

Time

  • Played on: Sept. 11, 2016, 7:07 p.m.
  • Length: 11:55

All games in this series

Show
View Real Time Build Order
Export as new Build Order

ShoWTimE Protoss - Winner!

Build Orders: 1 Gate Expand, Oracle Opening, Phoenix Opening 

Get SALT Encoding   

  12  0:01  Probe (Chrono Boost)  
  13  0:12  Probe (Chrono Boost)  
  14  0:19  Pylon  
  14  0:22  Probe (Chrono Boost)  
  15  0:37  Probe (Chrono Boost)  
  15  0:41  Gateway  
  16  0:44  Assimilator  
  16  0:48  Probe (Chrono Boost)  
  17  0:58  Probe (Chrono Boost)  
  18  1:09  Probe (Chrono Boost)  
  19  1:22  Nexus  
  19  1:25  Probe (Chrono Boost)  
  20  1:35  Cybernetics Core  
  20  1:38  Probe (Chrono Boost)  
  21  1:43  Assimilator  
  21  1:49  Probe (Chrono Boost)  
  21  1:52  Pylon  
  22  1:59  Probe (Chrono Boost)  
  23  2:08  Adept  
  23  2:12  Warp Gate, Probe (Chrono Boost)  
  27  2:24  Probe (Chrono Boost)  
  27  2:33  Zealot  
  27  2:34  Stargate  
  27  2:35  Probe (Chrono Boost)  
  27  2:36  Probe (Chrono Boost)  
  31  2:45  Probe (Chrono Boost)  
  31  2:48  Probe (Chrono Boost)  
  33  2:56  Mothership Core (Chrono Boost)  
  35  2:59  Probe (Chrono Boost)  
  36  3:10  Probe (Chrono Boost)  
  37  3:15  Probe (Chrono Boost), Oracle  
  37  3:17  Gateway x2  
  38  3:20  Probe (Chrono Boost)  
  43  3:27  Probe (Chrono Boost)  
  43  3:28  Pylon  
  43  3:31  Probe (Chrono Boost)  
  44  3:40  Pylon, Probe (Chrono Boost)  
  45  3:41  Probe (Chrono Boost)  
  45  3:47  Phoenix  
  46  3:52  Probe x2 (Chrono Boost)  
  52  4:02  Probe (Chrono Boost)  
  52  4:04  Probe (Chrono Boost)  
  52  4:06  Nexus  
  52  4:13  Pylon, Probe (Chrono Boost)  
  52  4:16  Probe (Chrono Boost)  
  54  4:26  Twilight Council  
  54  4:28  Assimilator, Forge  
  54  4:41  Adept x3  
  54  4:43  Pylon  
  60  4:47  Robotics Facility, Protoss Ground Weapons Level 1  
  60  4:49  Resonating Glaives  
  60  4:55  Gateway  
  60  4:58  Gateway  
  60  5:06  Probe x2 (Chrono Boost)  
  62  5:10  Adept x2  
  66  5:21  Gateway  
  66  5:23  Gateway  
  66  5:25  Gateway  
  66  5:30  Probe x3 (Chrono Boost), Warp Prism  
  71  5:41  Adept x2  
  75  5:44  Adept  
  77  5:51  Pylon  
  77  5:54  Pylon  
  77  6:01  Adept x2  
  77  6:02  Adept x2  
  85  6:05  Adept  
  85  6:09  Pylon  
  87  6:25  Adept x7  
  97  6:28  Adept  
  103  6:34  Pylon  
  97  6:48  Adept x2  
  97  6:49  Adept x2  
  97  6:50  Adept  
  97  6:51  Adept x2  
  102  6:55  Adept  
  94  7:11  Adept x4  
  94  7:12  Adept x3  
  106  7:19  Adept  
  106  7:34  Adept x3  
  106  7:35  Adept x4  
  108  7:48  Protoss Ground Weapons Level 2, Adept  
  108  7:51  Pylon, Probe x3 (Chrono Boost)  
  111  7:57  Immortal  
  109  8:04  Robotics Facility  
  116  8:05  Probe x2 (Chrono Boost)  
  116  8:07  Probe (Chrono Boost)  
  114  8:24  Probe x3 (Chrono Boost)  
  114  8:25  Adept x4  
  114  8:26  Adept x3  
  131  8:31  Adept  
  133  8:46  Adept  
  133  8:51  Probe x2 (Chrono Boost)  
  133  8:52  Assimilator  
  133  8:57  Assimilator, Probe (Chrono Boost)  
  133  9:00  Pylon  
  133  9:02  Pylon  
  132  9:09  Immortal x2  
  130  9:23  Sentry, Adept  
  130  9:24  Adept x2  
  138  9:26  Pylon x2  
  138  9:27  Pylon  
  136  9:43  Immortal x2  
  132  9:51  Nexus  
  128  9:53  Pylon  
  128  10:01  Assimilator, Pylon  
  128  10:03  Sentry x2, Probe x3 (Chrono Boost), Adept x3  
  141  10:14  Photon Cannon  
  141  10:17  Immortal  
  141  10:20  Immortal  
  141  10:22  Pylon, Adept x3  
  155  10:33  Probe x2 (Chrono Boost)  
  157  10:43  Sentry x3  
  157  10:44  Adept x2  
  167  10:52  Immortal  
  171  10:57  Immortal  
  171  11:00  Adept x2  
  171  11:01  Adept  
  181  11:16  Photon Cannon  
  181  11:22  Adept x3  
  181  11:23  Adept x5  
  161  11:44  Adept  
  161  11:45  Adept x5  
  161  11:46  Adept  
Show
View Real Time Build Order
Export as new Build Order

Snute Zerg 

Build Orders: Hatch First 

Get SALT Encoding   

  12  0:00  Drone  
  13  0:12  Overlord  
  13  0:17  Drone  
  14  0:30  Drone x2  
  14  0:34  Drone  
  17  0:51  Hatchery  
  17  0:54  Drone  
  17  0:57  Drone  
  17  1:00  Extractor  
  17  1:13  Spawning Pool  
  17  1:16  Drone  
  17  1:19  Drone  
  18  1:27  Drone  
  19  1:38  Overlord  
  19  1:49  Drone  
  20  1:59  Queen  
  20  2:00  Metabolic Boost  
  22  2:02  Zergling x2  
  22  2:03  Queen  
  22  2:07  Drone  
  26  2:10  Drone  
  26  2:14  Drone  
  28  2:21  Drone  
  29  2:27  Drone  
  30  2:32  Drone  
  31  2:39  Hatchery  
  31  2:42  Overlord  
  31  2:43  Zergling x2  
  31  2:47  Zergling x2  
  32  2:53  Overlord  
  32  2:57  Drone  
  33  3:04  Drone  
  34  3:08  Drone x3  
  34  3:09  Drone  
  34  3:12  Drone x2  
  40  3:13  Drone  
  40  3:16  Drone  
  40  3:19  Drone  
  43  3:20  Evolution Chamber  
  42  3:28  Queen  
  42  3:30  Drone  
  42  3:31  Drone  
  46  3:38  Spore Crawler, Drone  
  46  3:41  Spore Crawler  
  46  3:44  Drone x5  
  46  3:47  Zerg Melee Weapons Level 1  
  50  3:51  Drone x2  
  52  3:56  Overlord  
  52  3:58  Drone x2  
  52  4:02  Drone  
  54  4:03  Spore Crawler, Drone  
  54  4:06  Drone  
  53  4:12  Drone x3  
  53  4:13  Drone  
  53  4:14  Overlord  
  53  4:16  Drone  
  58  4:18  Drone  
  58  4:19  Drone  
  58  4:22  Drone  
  61  4:25  Drone x2  
  61  4:28  Overlord  
  61  4:30  Queen  
  65  4:38  Overlord  
  63  4:39  Drone  
  63  4:45  Lair  
  64  4:47  Drone  
  64  4:48  Drone  
  64  4:49  Baneling Nest  
  64  4:50  Drone  
  64  4:51  Drone  
  67  4:53  Drone x2  
  67  4:54  Hatchery  
  67  4:55  Drone x2  
  67  4:58  Drone  
  67  4:59  Drone x2  
  73  5:06  Zergling x4  
  75  5:11  Zergling x2  
  75  5:12  Queen x2  
  80  5:14  Extractor  
  80  5:15  Overlord  
  80  5:16  Zergling x4  
  80  5:17  Zergling x2  
  80  5:21  Overlord  
  82  5:25  Extractor  
  82  5:27  Zergling x4, Hatchery  
  82  5:32  Roach Warren  
  82  5:33  Baneling  
  82  5:34  Baneling x4  
  81  5:35  Baneling  
  81  5:38  Drone x4  
  81  5:39  Extractor x2, Zergling x6  
  86  5:43  Zergling x2  
  86  5:47  Drone  
  86  5:49  Drone  
  89  5:50  Drone  
  90  6:00  Drone  
  90  6:01  Drone  
  90  6:03  Overlord  
  92  6:06  Overlord  
  92  6:14  Roach x3  
  98  6:19  Roach, Overlord  
  98  6:20  Spore Crawler  
  98  6:23  Overlord  
  98  6:24  Roach x4  
  98  6:25  Drone x3  
  109  6:30  Spire  
  109  6:32  Roach x2  
  113  6:35  Queen x2  
  113  6:36  Queen, Overlord  
  112  6:48  Roach x8  
  112  6:53  Roach x3  
  124  6:55  Roach  
  124  6:56  Queen x2  
  124  6:57  Roach  
  124  6:59  Roach  
  124  7:01  Roach x2  
  130  7:05  Roach  
  111  7:10  Roach  
  111  7:12  Queen  
  111  7:16  Roach x3  
  111  7:19  Roach  
  104  7:25  Roach  
  104  7:29  Roach  
  96  7:30  Roach  
  94  7:41  Roach  
  101  7:44  Drone x3  
  101  7:49  Drone x3  
  96  7:54  Drone x2  
  98  8:01  Ravager x2  
  98  8:02  Ravager, Drone  
  98  8:03  Queen x2  
  98  8:05  Extractor  
  103  8:18  Drone x8  
  106  8:23  Drone x2  
  108  8:37  Roach x4  
  108  8:49  Roach x2  
  112  8:57  Drone x4  
  112  9:21  Drone  
  112  9:22  Drone x5  
  116  9:25  Hatchery  
  116  9:29  Zergling x2  
  116  9:30  Zergling x8  
  120  9:41  Zergling x16  
  125  9:48  Drone x2  
  125  9:49  Drone x3  
  125  9:51  Drone x2  
  129  10:02  Spawning Pool  
  128  10:07  Drone  
  128  10:08  Drone x4  
  128  10:11  Drone x2  
  135  10:19  Baneling Nest  
  135  10:20  Pneumatized Carapace  
  133  10:25  Extractor  
  133  10:27  Zergling x12  
  138  10:28  Overlord  
  138  10:33  Overlord  
  138  10:48  Zergling x18  
  138  10:49  Roach Warren  
  144  11:03  Baneling x20  
  136  11:09  Baneling x4  
  136  11:10  Zergling x2  
  122  11:26  Zergling x18  
Tags
 
Add a new tag
Caveats
  • Supply blocks, unpowered buildings, or Contaminate may cause inaccurate times.
  • Supply counts are checked every 10 seconds.